 Dungeon Crawl Stone Soup version 0.29-a0-323-g050149af67 (webtiles) character file.

Game seed: 8908561629548477980

104 Essalna the Magician (level 5, -1/35 HPs)
             Began as a Djinni Conjurer on Apr 11, 2022.
             Slain by an orc priest
             ... wielding a +0 club
              (2 damage)
             ... on level 3 of the Dungeon.
             The game lasted 00:02:31 (2081 turns).

Essalna the Magician (Djinni Conjurer)              Turns: 2081, Time: 00:02:32

Health: -1/35      AC:  3    Str:  6    XL:     5   Next: 7%
Gold:   70         EV: 12    Int: 22    God:
                   SH:  0    Dex: 11

rFire   + + .      SeeInvis .   e - +3 dagger
rCold   x . .      Faith    .   (no shield)
rNeg    . . .      Spirit   .   k - +0 robe {Will+}
rPois   ∞          Reflect  .   g - +0 helmet
rElec   .          Harm     .   (no cloak)
rCorr   .          Rampage  .   (no gloves)
Will    +....                   (boots unavailable)
Stlth   ++........              (no amulet)
HPRegen 0.11/turn               (no ring)
MPRegen 0.00/turn               (no ring)

@: flying
A: sickness immunity, fire resistance 2, cold vulnerability 1, float, innate
caster, HP casting, extra vitality 1
a: no special abilities


You were on level 3 of the Dungeon.
You visited 1 branch of the dungeon, and saw 3 of its levels.

You collected 70 gold pieces.

Inventory:

Hand Weapons
 c - a +0 spear
 e - a +3 dagger (weapon)
Armour
 a - a +0 robe
 g - a +0 helmet (worn)
 k - a +0 robe of willpower (worn)
Scrolls
 d - a scroll of torment {unknown}
 f - 3 scrolls of identify {unknown}
 h - a scroll of magic mapping {unknown}
 i - 2 scrolls of noise {unknown}
 j - a scroll of teleportation {unknown}
 l - a scroll of fog {unknown}
Potions
 b - a potion of cancellation {unknown}
 m - a potion of heal wounds {unknown}
 n - 3 potions of haste {unknown}


   Skills:
 - Level 2.1 Dodging
 - Level 1.5 Stealth
 + Level 4.7 Spellcasting


You couldn't memorise any spells.
You knew the following spells:

 Your Spells              Type           Power      Damage    Failure   Level
a - Magic Dart            Conj           100%       1d8       1%          1
b - Searing Ray           Conj           52%        2d6       2%          2
c - Dazzling Flash        Conj/Hex       52%        N/A       4%          3
d - Fulminant Prism       Conj/Hex       13%        3d9       14%         4
e - Iskenderun's Mystic   Conj/Tloc      26%        2d7       14%         4
f - Sting                 Tmut/Pois      100%       1d8       1%          1
g - Wereblood             Tmut           26%        N/A       2%          2
Your spell library was empty.

Dungeon Overview and Level Annotations

Branches:
Dungeon (3/15)

Altars:

Shops:
D:1 !

Annotations:
D:2 Robin


Innate Abilities, Weirdness & Mutations

You are immune to sickness and miasma.
You are immune to poison.
Your flesh is very heat resistant. (rF++)
You are vulnerable to cold. (rC-)
You float through the air rather than walking.
You learn spells naturally, not from books.
Your magical power is your life essence.
You have superior vitality. (+4 MHP)


Message History

Aiming: Searing Ray (safe; 2% risk of failure)
Press: ? - help, Shift-Dir - straight line, f/p - orc priest
Aim: an orc priest, wielding a +0 club and wearing a +0 chain mail (severely wounded, 85% to hit)
The searing ray hits the orc priest but does no damage.
The orc priest is severely wounded. (Press . to maintain the ray.)
The orc priest hits you but does no damage.
The searing ray hits the orc priest.
The orc priest is almost dead.
The orc priest closely misses you.
The searing ray hits the orc priest but does no damage.
The orc priest is almost dead.
* * * LOW HITPOINT WARNING * * *
The orc priest closely misses you.
The searing ray misses the orc priest.
* * * LOW HITPOINT WARNING * * *
You finish channelling your searing ray.
The orc priest hits you with a +0 club.
* * * LOW HITPOINT WARNING * * *
Casting: Searing Ray (safe; 2% risk of failure)
Confirm with . or Enter, or press ? or * to list all spells.
Aiming: Searing Ray (safe; 2% risk of failure)
Press: ? - help, Shift-Dir - straight line, f/p - orc priest
Aim: an orc priest, wielding a +0 club and wearing a +0 chain mail (almost dead, 85% to hit)
The searing ray hits the orc priest.
The orc priest is almost dead. (Press . to maintain the ray.)
* * * LOW HITPOINT WARNING * * *
The orc priest hits you with a +0 club.
* * * LOW HITPOINT WARNING * * *
Without enough magic to sustain it, your searing ray dissipates.
The orc priest completely misses you.
Casting: Searing Ray (safe; 2% risk of failure)
Confirm with . or Enter, or press ? or * to list all spells.
You don't have enough health to cast this spell.
Unknown command.
You completely miss the orc priest.
The orc priest is almost dead.
The orc priest hits you with a +0 club.
You die...

#..# #..#
...###..#
........#
##.####.# #
#.#
###.####'##
.)...†....#
.)....o@..#
..........#
).........#
####.###.##
#. #.# #
#.. #.# .#


You could see an orc priest.

Vanquished Creatures
  Jessica (D:2)
  2 adders
  3 orcs (D:3)
  8 bats
  5 endoplasms
  A giant cockroach (D:2)
  4 goblins
  5 hobgoblins
  7 jackals
  3 quokkas
  2 ball pythons
  A frilled lizard (D:1)
  5 kobolds
  4 rats (D:1)
51 creatures vanquished.

Notes
Turn   | Place    | Note
-------+----------+-------------------------------------------
     0 | D:1      | Essalna the Djinni Conjurer began the quest for the Orb.
     0 | D:1      | Reached XP level 1. HP: 15/15 MP: 0/0
    84 | D:1      | Found Soirch's Distillery.
   350 | D:1      | Reached XP level 2. HP: 10/21 MP: 0/0
  1029 | D:1      | Reached XP level 3. HP: 23/25 MP: 0/0
  1029 | D:1      | Learned a level 1 spell: Sting
  1142 | D:1      | Reached skill level 4 in Spellcasting
  1388 | D:1      | Found a faded altar of an unknown god.
  1682 | D:2      | Reached XP level 4. HP: 29/31 MP: 0/0
  1759 | D:2      | Noticed Jessica
  1761 | D:2      | Killed Jessica
  1897 | D:2      | Noticed Robin
  2049 | D:3      | Reached XP level 5. HP: 33/35 MP: 0/0
  2049 | D:3      | Learned a level 2 spell: Wereblood
  2079 | D:3      | HP: 1/35 [orc priest/+0 club (2)]
  2081 | D:3      | Slain by an orc priest

Illustrated notes

Levels and vault maps discovered:
D:1:      tarquinn_simple_flora_water_e, layout_basic,
          dilly_ecumenical_altar_fadedgnrine, serial_shops,
          nicolae_shop_hallway_stairs
D:2:      layout_rooms, serial_shops, shop, uniq_robin, uniq_jessica
D:3:      layout_basic

Skill      XL: |  1  2  3 |
---------------+----------+-----
Spellcasting   | 4 |  4.7
Dodging        | |  2.1
Stealth        | |  1.5

Action                   |  1- 3 |  4- 6 || total
-------------------------+-------+-------++-------
Melee: Dagger            |     5 |     1 ||     6
 Cast: Magic Dart        |    67 |    33 ||   100
       Searing Ray       |       |     2 ||     2
Armor: Robe              |     4 |     2 ||     6
Dodge: Dodged            |     5 |     4 ||     9

Table legend: (Time is in decaauts)
 A = Elapsed time spent in this place.
 B = Non-inter-level travel time spent in this place.
 C = Inter-level travel time spent in this place.
 D = Time resting spent in this place.
 E = Time spent auto-exploring this place.
 F = Levels seen in this place.
 G = Mean time per level.
                   A        B        C        D        E       F      G
               +--------+--------+--------+--------+--------+-----+--------+
         Total |   2079 |   2049 |     30 |      0 |   1806 |   3 |  693.0 |
       Dungeon |   2079 |   2049 |     30 |      0 |   1806 |   3 |  693.0 |
               +--------+--------+--------+--------+--------+-----+--------+

Top non-repeatable levels by time:
     D:1: 1495 daAuts
     D:2: 409 daAuts
     D:3: 174 daAuts
